 Dungeon Crawl Stone Soup version 0.18.1-50-g88ac8fd (webtiles) character file.

8740 Amnesiac the Brilliant (level 11, -7/58 HPs)
             Began as a Deep Elf Fighter on Mar 2, 2018.
             Was a High Priest of Pakellas.
             Mangled by an orc warrior
             ... wielding a +2 trident of flaming
             ... led by an orc knight
              (26 damage)
             ... on level 1 of the Orcish Mines.
             The game lasted 00:25:08 (13112 turns).

Amnesiac the Brilliant (Deep Elf Fighter)          Turns: 13112, Time: 00:25:09

Health: -7/58      AC: 15    Str: 21 (23) XL:     11   Next: 13%
Magic:  2/24       EV:  2    Int: 14      God:    Pakellas [*****.]
Gold:   733        SH: 11    Dex: 11 (12) Spells: 2 memorised, 8 levels left

rFire  . . .     SeeInvis .     a - +12 dagger of Naerr {freeze, -Tele Str+7 Int+2}
rCold  . . .     Gourm    .     p - +0 scale mail
rNeg   . . .     Faith    .     c - +0 shield
rPois  .         Spirit   .     G - +1 helmet
rElec  .         Dismiss  .     o - +1 cloak
rCorr  .         Reflect  +     (no gloves)
SustAt .         Harm     .     L - +0 pair of boots
MR     +....     Rnd*Rage +     B - +2 amulet of reflection
Stlth  .......... NoTele   +    (no ring)
                                (no ring)

@: somewhat resistant to hostile enchantments, extremely unstealthy
A: iridescent scales 1, berserk 1, blurry vision 1, clumsy 1, deterioration 1,
dopey 1, MP-powered wands
a: Quick Charge, Device Surge, Renounce Religion


You were on level 1 of the Orcish Mines.
You worshipped Pakellas.
Pakellas was extremely pleased with you.
You were not hungry.

You visited 3 branches of the dungeon, and saw 13 of its levels.

You collected 733 gold pieces.

Inventory:

Hand Weapons
 a - the +12 dagger of Naerr (weapon) {freeze, -Tele Str+7 Int+2}
   (You found it on level 9 of the Dungeon)

   It has been specially enchanted to freeze those struck by it, causing extra
   injury to most foes and up to half again as much damage against particularly
   susceptible opponents.
   It can also slow down cold-blooded creatures.
   It affects your strength (+7).
   It affects your intelligence (+2).
   It prevents most forms of teleportation.
 w - a +0 blowgun
Missiles
 h - 14 poisoned needles
 l - 481 stones (quivered)
 y - 2 throwing nets
Armour
 c - a +0 shield (worn)
 o - a +1 cloak (worn)
 p - a +0 scale mail (worn)
 G - a +1 helmet (worn)
 L - a +0 pair of boots (worn)
Rods
 b - a +2 lightning rod (13/13)
   (Pakellas gifted it to you on level 1 of the Orcish Mines)
Jewellery
 B - a +2 amulet of reflection (around neck)
Wands
 i - a wand of paralysis (9/24)
 k - a wand of confusion (8/48)
 n - a wand of enslavement (11/24)
 C - a wand of teleportation (6/9)
 F - a wand of hasting (3/9)
 H - a wand of lightning (0/15)
 R - a wand of random effects (36/48)
Scrolls
 t - 2 scrolls of teleportation {!r}
 x - a scroll of magic mapping {!r}
 D - 4 scrolls of remove curse {!r}
 K - a scroll of immolation {!r}
 M - a scroll of amnesia {!r, unknown}
 N - 2 scrolls of identify {!r}
 P - a scroll of enchant armour {!r}
 Q - a scroll of fear {!r}
 S - a scroll of fog {!r, unknown}
Potions
 d - 2 potions of might {!q}
 e - a potion of lignification {!q}
 j - a potion of brilliance {!q}
 q - 2 potions of magic {!q}
 r - a potion of heal wounds {!q}
 v - 2 potions of flight {!q}
 z - 5 potions of curing {!q}
 O - a potion of experience {!q}
Books
 A - a book of Party Tricks

   Spells                             Type                      Level
   a - Summon Butterflies             Summoning                    1
   b - Apportation                    Translocation                1
   c - Tukima's Dance                 Hexes                        3
   d - Alistair's Intoxication        Transmutation/Poison         5
   e - Invisibility                   Hexes                        6
Miscellaneous
 E - a sack of spiders
 J - a lamp of fire
Comestibles
 f - 4 bread rations
 g - 3 slices of pizza
 m - 2 beef jerkies
 s - 5 meat rations
 u - 2 royal jellies
 I - 15 fruits
 T - 7 chunks of flesh


   Skills:
 - Level 2.4 Fighting
 - Level 8.0 Short Blades
 - Level 2.4 Armour
 - Level 2.4 Shields
 + Level 15.9 Evocations


You had 8 spell levels left.
You knew the following spells:

 Your Spells              Type           Power        Failure   Level  Hunger
a - Apportation           Tloc           #.........   100%        1    ##.....
b - Summon Butterflies    Summ           #.......     100%        1    ##.....


Dungeon Overview and Level Annotations

Branches:
Dungeon (10/15)            Temple (1/1) D:7            Lair (0/8) D:8
    Orc (2/2) D:10            Elf (0/3) Orc:2

Altars:
Ashenzari
Cheibriados
Dithmenos
Elyvilon
Fedhas
Gozag
Kikubaaqudgha
Makhleb
Nemelex Xobeh
Okawaru
Pakellas
Qazlal
Ru
Sif Muna
Trog
Vehumet
Xom
Yredelemnul
Zin
The Shining One

Shops:
D:4 !   Orc:2 (


Innate Abilities, Weirdness & Mutations

You are partially covered in iridescent scales (AC +4).
You tend to lose your temper in combat.
Scrolls take you a little longer to read.
You are clumsy. (Dex -2)
Your body sometimes deteriorates upon taking damage.
You are dopey. (Int -2)
You expend magic power (3 MP) to strengthen your wands.


Message History

Press: ? - help, Shift-Dir - straight line, f - orc warrior
Aim: an orc warrior, wielding a hand axe and wearing a plate armour (chance to defeat MR: 80%)
The orc warrior barely resists.
This wand has 9 charges left.
You block the orc warrior's attack.
You hit the orc warrior but do no damage.
You block the orc warrior's attack.
Evoke which item? (* to show all) (? for menu, Esc to quit)
Zapping:
k - a wand of confusion (9/48)
Press: ? - help, Shift-Dir - straight line, f/p - orc warrior
Aim: an orc warrior, wielding a hand axe and wearing a plate armour (chance to defeat MR: 80%)
The orc warrior barely resists.
This wand has 8 charges left.
You hit the orc warrior. You freeze the orc warrior.
The orc warrior is lightly wounded.
The orc warrior hits you but does no damage.
Your shield prevents you from hitting the orc warrior.
The orc warrior is lightly wounded.
The orc warrior hits you with a hand axe.
You hit the orc warrior. You freeze the orc warrior.
The orc warrior is moderately wounded.
You puncture the orc warrior! You freeze the orc warrior.
The orc warrior is almost dead.
The orc warrior hits you but does no damage.
You hit the orc warrior but do no damage.
The orc warrior is almost dead.
You block the orc warrior's attack.
You closely miss the orc warrior.
The orc warrior is almost dead.
You hit the orc warrior but do no damage.
The orc warrior is almost dead.
The orc warrior hits you but does no damage.
You puncture the orc warrior! You freeze the orc warrior.
You kill the orc warrior!
Pakellas accepts your kill.
You feel your power returning.
Things that are here:
a hand axe; a plate armour No target in view!
There is a stone staircase leading down here.
You climb downwards.
An orc warrior comes into view. It is wielding a hand axe.
The orc warrior shouts!
The orc knight roars a battlecry!
The orcs go into a battle-frenzy!
The orc knight hits you but does no damage.
You block the orc warrior's attack. The orc hits you but does no damage.
There is a stone staircase leading up, spattered with blood here.
The orc priest shouts!
The orc knight hits you with a battleaxe.
You block the orc's attack.
The orc warrior hits you with a trident of flaming!!
* * * LOW HITPOINT WARNING * * *
The orc warrior burns you!
* * * LOW HITPOINT WARNING * * *
You climb upwards.
There is a stone staircase leading down here.
You block the orc warrior's attack.
Things that are here:
a robe; a dagger You block the orc knight's attack.
You block the orc warrior's attack.
There is a staircase back to the Dungeon here.
You block the orc's attack.
The orc warrior hits you from afar with a trident of flaming!!
You die...
Pakellas says: Time to start the next experiment...

##.................
##................
##.#.......##......
#...........###....
##..#....))..###....
#...##........###...
##...#.......## ##..
##...........## ###
#..@..........# #
#..oo).......##
##.o...##...##
#.....##.#.##
#.[[..#...#.##
#.[>.........#
#..).....##.##
##...##)#####
##.....).#.###


You could see an orc knight, an orc warrior and an orc.

Vanquished Creatures
  4 hill giants
  An orc knight (Orc:2)
  2 trolls
  Grinder (D:5)
  4 yaks (D:9)
  A wyvern (D:9)
  Menkaure (D:5)
  2 wargs (D:8)
  A water moccasin (D:8)
  Duvessa (D:7)
  6 orc warriors
  A sky beast (D:6)
  A wasp (D:10)
  A necrophage (D:9)
  5 centaurs
  9 ogres
  A crocodile (D:9)
  4 giant frogs
  A gnoll sergeant (D:8)
  Dowan (D:7)
  5 scorpions
  A water moccasin skeleton (D:5)
  4 killer bees (D:8)
  3 howler monkeys
  3 crimson imps
  4 hounds
  10 orc priests
  Crazy Yiuf (D:2)
  4 jellies
  2 centaur skeletons
  2 giant frog skeletons
  Ijyb (D:3)
  3 iguanas
  6 orc wizards
  8 worker ants
  A killer bee zombie (D:9)
  A hound zombie (D:7)
  A hound skeleton (D:9)
  A worker ant zombie (D:10)
  10 gnolls
  13 adders
  2 shadow imps
  3 oozes
  3 worms
  2 dart slugs (D:1)
  14 giant geckos
  32 orcs
  5 giant cockroaches
  17 goblins
  4 hobgoblins
  18 jackals
  3 quokkas
  A ball python (D:2)
  11 bats
  A giant gecko skeleton (D:4)
  10 giant newts
  10 kobolds
  15 rats
283 creatures vanquished.

Vanquished Creatures (collateral kills)
  A troll (Orc:1)
1 creature vanquished.

Vanquished Creatures (others)
  An orc warrior (Orc:1)
  A killer bee (D:8)
  An orc (D:8)
  2 goblins
  A fungus (Orc:2)
6 creatures vanquished.

Grand Total: 290 creatures vanquished

Notes
Turn   | Place    | Note
--------------------------------------------------------------
     0 | D:1      | Amnesiac the Deep Elf Fighter began the quest for the Orb.
     0 | D:1      | Reached XP level 1. HP: 13/13 MP: 3/3
   163 | D:1      | Reached XP level 2. HP: 18/18 MP: 4/4
   357 | D:1      | Reached XP level 3. HP: 19/22 MP: 5/5
  1132 | D:2      | Reached XP level 4. HP: 20/27 MP: 6/6
  1561 | D:2      | Noticed Crazy Yiuf
  1572 | D:2      | Killed Crazy Yiuf
  1725 | D:2      | Reached skill level 5 in Short Blades
  1780 | D:2      | Found an oddly glowing altar of Pakellas.
  1780 | D:2      | Noticed a wolf spider
  1993 | D:2      | Became a worshipper of Pakellas the Inventive
  2127 | D:3      | Reached XP level 5. HP: 23/31 MP: 7/7
  2301 | D:3      | Found a faded altar to an unknown god.
  2575 | D:3      | Reached * piety under Pakellas
  2575 | D:3      | Received a gift from Pakellas
  2772 | D:3      | Found a basalt altar of Yredelemnul.
  2781 | D:3      | Found a glowing golden altar of the Shining One.
  2785 | D:3      | Learned a level 1 spell: Apportation
  2787 | D:3      | Learned a level 1 spell: Summon Butterflies
  3058 | D:3      | Reached XP level 6. HP: 28/36 MP: 8/8
  3207 | D:3      | Noticed Ijyb
  3230 | D:3      | Killed Ijyb
  3340 | D:3      | Noticed an angel
  3726 | D:4      | Found Dirchuci's Distillery.
  3889 | D:4      | Found a shadowy altar of Dithmenos.
  3972 | D:4      | Reached ** piety under Pakellas
  3972 | D:4      | Received a gift from Pakellas
  4243 | D:5      | Entered Level 5 of the Dungeon
  4263 | D:5      | Noticed Menkaure
  4268 | D:5      | Killed Menkaure
  4268 | D:5      | Reached XP level 7. HP: 22/40 MP: 9/9
  4633 | D:5      | Reached skill level 2 in Evocations
  5016 | D:5      | Reached skill level 3 in Evocations
  5056 | D:5      | Found a sacrificial altar of Ru.
  5374 | D:5      | Gained mutation: You are partially covered in iridescent scales (AC +4). [potion of mutation]
  5374 | D:5      | Gained mutation: Your body sometimes deteriorates upon taking damage. [potion of mutation]
  5374 | D:5      | Gained mutation: Scrolls take you a little longer to read. [potion of mutation]
  5375 | D:5      | Lost mutation: Your body sometimes deteriorates upon taking damage. [potion of mutation]
  5375 | D:5      | Gained mutation: You are dopey. (Int -2) [potion of mutation]
  5375 | D:5      | Gained mutation: Your body sometimes deteriorates upon taking damage. [potion of mutation]
  5408 | D:5      | Noticed Grinder
  5415 | D:5      | Reached skill level 4 in Evocations
  5443 | D:5      | Killed Grinder
  5443 | D:5      | Reached skill level 5 in Evocations
  5598 | D:5      | Reached XP level 8. HP: 44/45 MP: 2/14
  5686 | D:5      | Found an opulent altar of Gozag.
  6014 | D:5      | Reached skill level 6 in Evocations
  6420 | D:6      | Reached skill level 7 in Evocations
  6453 | D:6      | Found a stormy altar of Qazlal.
  6694 | D:6      | Reached skill level 8 in Evocations
  6698 | D:6      | Gained mutation: You expend magic power (3 MP) to strengthen your wands. [mutagenic meat]
  6699 | D:6      | Gained mutation: You tend to lose your temper in combat. [mutagenic meat]
  6807 | D:6      | Found a blossoming altar of Fedhas.
  6818 | D:6      | Found a shattered altar of Ashenzari.
  6964 | D:6      | Found an iron altar of Okawaru.
  7102 | D:7      | Noticed Duvessa
  7102 | D:7      | Noticed Dowan
  7128 | D:7      | Killed Duvessa
  7128 | D:7      | Reached skill level 9 in Evocations
  7131 | D:7      | Killed Dowan
  7221 | D:7      | Found a staircase to the Ecumenical Temple.
  7249 | D:7      | Found a deep blue altar of Sif Muna.
  7304 | Temple   | Entered the Ecumenical Temple
  7397 | D:7      | Reached *** piety under Pakellas
  7397 | D:7      | Received a gift from Pakellas
  7461 | D:7      | Reached XP level 9. HP: 22/49 MP: 18/18
  7625 | D:7      | Gained mutation: You are clumsy. (Dex -2) [potion of mutation]
  7675 | D:7      | Found a white marble altar of Elyvilon.
  7675 | D:7      | Found a shimmering altar of Xom.
  7951 | D:8      | Reached skill level 10 in Evocations
  8624 | D:8      | Reached skill level 11 in Evocations
  8916 | D:8      | Found a staircase to the Lair.
  8949 | D:8      | Noticed a hill giant
  9085 | D:7      | Reached skill level 12 in Evocations
  9533 | D:8      | Reached **** piety under Pakellas
  9533 | D:8      | Received a gift from Pakellas
  9775 | D:8      | Killed a hill giant
  9937 | D:9      | Reached XP level 10. HP: 40/54 MP: 10/21
 10122 | D:9      | Reached skill level 13 in Evocations
 10681 | D:9      | Got a sapphire dagger
 10966 | D:9      | Found a snail-covered altar of Cheibriados.
 11031 | D:9      | Found a burning altar of Makhleb.
 11051 | D:9      | Identified the +12 dagger of Naerr {freeze, -Tele Str+7 Int+2} (You found it on level 9 of the Dungeon)
 11261 | D:9      | Found a blossoming altar of Fedhas.
 11410 | D:10     | Entered Level 10 of the Dungeon
 11410 | D:10     | Noticed a hill giant
 11410 | D:10     | Noticed a hill giant
 11471 | D:9      | Killed a hill giant
 11471 | D:9      | Reached skill level 14 in Evocations
 11532 | D:10     | Found a staircase to the Orcish Mines.
 11986 | D:10     | Noticed a hill giant
 12011 | D:10     | Killed a hill giant
 12011 | D:10     | Reached skill level 15 in Evocations
 12021 | D:10     | Killed a hill giant
 12165 | Orc:1    | Entered Level 1 of the Orcish Mines
 12418 | Orc:1    | Reached ***** piety under Pakellas
 12418 | Orc:1    | Received a gift from Pakellas
 12418 | Orc:1    | Reached XP level 11. HP: 37/58 MP: 24/24
 12602 | Orc:2    | Entered Level 2 of the Orcish Mines
 12614 | Orc:2    | Found a staircase to the Elven Halls.
 12627 | Orc:2    | Noticed an orc knight
 12628 | Orc:2    | Noticed an orc knight
 12628 | Orc:2    | Noticed an orc warlord
 12628 | Orc:2    | Found Risi's Antique Weapon Shoppe.
 12628 | Orc:2    | Noticed an orc sorcerer
 12629 | Orc:2    | Noticed an orc sorcerer
 12629 | Orc:2    | Noticed an orc sorcerer
 13086 | Orc:2    | Killed an orc knight
 13106 | Orc:2    | Noticed an orc knight
 13112 | Orc:1    | Mangled by an orc warrior

Skill      XL: |  1  2  3  4  5  6  7  8  9 10 |
---------------+-------------------------------+-----
Short Blades   | 3 4 5 6 7 8 |  8.0
Evocations     | 5 9 12 15 | 15.9
Fighting       | |  2.4
Armour         | |  2.4
Shields        | |  2.4

Action                   |  1- 3 |  4- 6 |  7- 9 | 10-12 || total
-------------------------+-------+-------+-------+-------++-------
Melee: Rapier            |   130 |       |       |       ||   130
       Dagger            |     6 |   320 |   760 |   417 ||  1503
       Unarmed           |       |       |     8 |       ||     8
Invok: Quick Charge      |       |       |     5 |     1 ||     6
Evoke: Wand              |       |    15 |    21 |    12 ||    48
  Use: Potion            |     2 |       |    11 |     2 ||    15
       Scroll            |       |       |    13 |     1 ||    14
 Stab: Paralysed         |       |     4 |     1 |       ||     5
       Confused          |       |       |       |     4 ||     4
  Eat: Chunk             |     1 |    10 |    25 |    13 ||    49
Armor: Scale mail        |    70 |   117 |   219 |   123 ||   529
       Skin              |       |       |    25 |       ||    25
Dodge: Dodged            |    30 |    69 |   114 |    58 ||   271
Block: Shield            |    66 |   108 |   275 |   146 ||   595
       Reflection        |       |       |    10 |     5 ||    15
